 Dungeon Crawl Stone Soup version 0.21-a0-221-gfe971b9 (webtiles) character file.

5429 tbe the Grappler (level 10, 0/75 HPs)
             Began as a Green Draconian Transmuter on Aug 27, 2017.
             Was an Elder of Okawaru.
             Succumbed to a big kobold's poison
             ... on level 9 of the Dungeon.
             The game lasted 00:22:04 (10479 turns).

tbe the Grappler (Green Draconian Transmuter)      Turns: 10479, Time: 00:22:05

Health: 0/75       AC: -1    Str: 16    XL:     10   Next: 40%
Magic:  6/13       EV: 23    Int: 16    God:    Okawaru [****..]
Gold:   354        SH:  0    Dex: 17    Spells: 2/13 levels left

rFire    . . .     SeeInvis .     - Unarmed
rCold    + . .     Gourm    .   (shield currently unavailable)
rNeg     . . .     Faith    .   (armour unavailable)
rPois    x         Spirit   .   (helmet currently unavailable)
rElec    .         Reflect  .   (cloak currently unavailable)
rCorr    .         Harm     .   (gloves currently unavailable)
MR       .....                  (boots currently unavailable)
Stlth    ++........             (no amulet)
HPRegen  0.22/turn              j - +1 ring of protection
MPRegen  0.13/turn              d - ring of protection from cold

@: mighty, lethally poisoned (0 -> -3), spider-form (expiring), corroded,
berserk cooldown, very slightly contaminated, slowed, very slow
A: (breathe noxious fumes), unfitting armour, frail 1, weak 1, AC +7
a: End Transformation, Heroism, Renounce Religion


You were on level 9 of the Dungeon.
You worshipped Okawaru.
Okawaru was greatly pleased with you.
You were very hungry.
You were a venomous arachnid creature.
You visited 1 branch of the dungeon, and saw 9 of its levels.
You also visited: Ossuary.

You collected 354 gold pieces.

Inventory:

Hand Weapons
 J - a +0 blowgun
Missiles
 a - 120 arrows
 n - 186 stones (quivered)
 p - 6 javelins
 B - a throwing net
 K - 43 poisoned needles
 L - 3 javelins of penetration
Armour
 s - a +0 hat (melded)
Jewellery
 d - a ring of protection from cold (right front leg)
 i - an uncursed ring of loudness
 j - a +1 ring of protection (left front leg)
Wands
 g - a wand of paralysis (7/24)
 w - a wand of confusion (20/48)
 D - a wand of random effects (29/48)
 E - a wand of lightning (5/15)
 P - a wand of paralysis (6/24)
Scrolls
 k - 2 scrolls of amnesia
 q - 4 scrolls of remove curse
 v - 2 scrolls of enchant weapon {unknown}
 y - a scroll of identify
 F - a scroll of teleportation {unknown}
 G - a scroll of magic mapping {unknown}
 H - 3 scrolls of random uselessness {unknown}
 I - a scroll of noise {unknown}
 Q - a scroll of fog
Potions
 e - 4 potions of agility
 h - 4 potions of might
 l - 3 potions of resistance
 m - 4 potions of flight
 o - 2 potions of brilliance
 x - 2 potions of haste
 N - a potion of magic {unknown}
Books
 b - a book of Changes

   Spells                             Type                      Level
   a - Beastly Appendage              Transmutation                1
   b - Sticks to Snakes               Transmutation                2
   c - Spider Form                    Transmutation/Poison         3
   d - Ice Form                       Ice/Transmutation            4
   e - Blade Hands                    Transmutation                5
 C - a book of Battle

   Spells                             Type                      Level
   a - Infusion                       Charms                       1
   b - Shroud of Golubria             Charms/Translocation         2
   c - Song of Slaying                Charms                       2
   d - Spectral Weapon                Hexes/Charms                 3
   e - Regeneration                   Charms/Necromancy            3
 O - a book of Necromancy

   Spells                             Type                      Level
   a - Pain                           Necromancy                   1
   b - Animate Skeleton               Necromancy                   1
   c - Vampiric Draining              Necromancy                   3
   d - Regeneration                   Charms/Necromancy            3
   e - Animate Dead                   Necromancy                   4
   f - Control Undead                 Necromancy                   4
Comestibles
 c - 2 bread rations
 r - 5 royal jellies
 t - 6 fruits
 u - 2 meat rations
 M - 5 chunks of flesh


   Skills:
 - Level 6.3 Fighting
 + Level 5.0 Dodging
 * Level 11.2 Unarmed Combat
 - Level 2.0 Spellcasting
 + Level 8.2 Transmutations


You had 2 spell levels left.
You knew the following spells:

 Your Spells              Type           Power        Failure   Level  Hunger
a - Beastly Appendage     Tmut           ####..       4%          1    #......
b - Sticks to Snakes      Tmut           ####....     5%          2    ###....
c - Spider Form           Tmut/Pois      ##........   28%         3    ###....
d - Blade Hands           Tmut           ####......   38%         5    ######.


Dungeon Overview and Level Annotations

Branches:
Dungeon (9/15)             Temple (0/1) D:4
   Lair: D:8-11         Orc: D:9-12

Altars:
Ashenzari
Cheibriados
Gozag
Kikubaaqudgha
Makhleb
Okawaru
Qazlal
Sif Muna
Trog
Uskayaw
Wu Jian
Yredelemnul
Zin
The Shining One


Innate Abilities, Weirdness & Mutations

((You can breathe blasts of noxious fumes.))
((Your lurid green scales are hard. (AC +7)))
You cannot fit into any form of body armour.
((Your system is resistant to poisons. (rPois)))
((You are cold-blooded and may be slowed by cold attacks.))
You are frail. (-10% HP)
You are weak. (Str -2)


Message History

There is a lethal amount of poison in your body!
There is a lethal amount of poison in your body!
There is a lethal amount of poison in your body!
You feel a strong urge to attack something.
* * * LOW HITPOINT WARNING * * *
You feel sick.
Things that are here:
a hornet corpse; a hydra corpse You are too berserk!
There is a lethal amount of poison in your body!
There is a lethal amount of poison in your body!
Unknown command.
You are too berserk!
You feel your anger subside.
You are no longer berserk.
You are exhausted.
You feel yourself slow down.
* * * LOW HITPOINT WARNING * * *
You feel sick.
Your transformation is almost over.
You die...

#.################
#.# #.# #.# #.#
##### #.# #....
#.# #.... ######
#.# #....
#.....####s# #....
##.......##.#
#########....
#..._....##†#
#.K...D.K..$.
##.........).#
#.#######....
#..)......#### #.#
##### #._..8.._.#
#.# #.....?...#
#.# #._..._.## #K#
#.......# #.#


There were no monsters in sight!

Vanquished Creatures
  A hydra (D:9)
  The ghost of tidbits the Grappler, a novice DrWn of Wu Jian (D:8)
  Pikel (D:6)
  A hornet (D:9)
  2 dream sheep (D:9)
  2 yaks (D:9)
  An ice beast (D:9)
  A sky beast (D:7)
  A necrophage (D:7)
  4 ogres
  A phantom (D:9)
  4 centaurs
  4 big kobolds
  A scorpion (D:6)
  5 wights
  2 howler monkeys (D:4)
  3 crimson imps
  4 orc wizards
  A bullfrog zombie (D:4)
  3 hounds
  3 orc priests
  3 jellies
  4 iguanas
  6 worker ants
  2 big kobold zombies (Ossuary)
  3 hound zombies
  A hound skeleton (D:4)
  3 mummies (Ossuary)
  A worker ant zombie (D:3)
  7 gnolls
  7 adders
  4 shadow imps
  3 oozes
  An adder skeleton (D:5)
  2 worms (D:4)
  A dart slug (D:3)
  3 leopard geckos
  18 orcs
  5 giant cockroaches
  5 goblins
  7 hobgoblins
  9 jackals
  11 kobolds
  3 quokkas
  2 ball pythons
  8 bats
  8 frilled lizards
  A hobgoblin zombie (Ossuary)
  A kobold zombie (Ossuary)
  8 rats
183 creatures vanquished.

Vanquished Creatures (collateral kills)
  4 wights (D:5)
  Jessica (D:2)
  An adder (D:2)
  2 gnolls
  A worm (D:2)
  A bat (D:2)
  A rat (D:2)
11 creatures vanquished.

Vanquished Creatures (others)
  A wizard (D:3)
  A slave (D:6)
  A scorpion (D:6)
  An orc priest (D:6)
  A quokka (D:6)
  A quokka skeleton (D:6)
6 creatures vanquished.

Grand Total: 200 creatures vanquished

Notes
Turn   | Place    | Note
-------+----------+-------------------------------------------
     0 | D:1      | tbe the Draconian Transmuter began the quest for the Orb.
     0 | D:1      | Reached XP level 1. HP: 16/16 MP: 3/3
   267 | D:1      | Reached XP level 2. HP: 19/23 MP: 3/5
   723 | D:1      | Learned a level 2 spell: Sticks to Snakes
  1403 | D:2      | Reached XP level 3. HP: 29/29 MP: 4/6
  1415 | D:2      | Learned a level 3 spell: Spider Form
  1478 | D:2      | Noticed Jessica
  1490 | D:2      | Killed Jessica
  2047 | D:2      | Reached skill level 4 in Unarmed Combat
  2048 | D:2      | Reached XP level 4. HP: 17/36 MP: 1/7
  3378 | D:3      | Reached XP level 5. HP: 42/42 MP: 4/8
  3512 | D:3      | Found a bloodstained altar of Trog.
  3585 | D:3      | Noticed a wizard
  3587 | D:3      | Killed a wizard
  4766 | D:4      | Reached skill level 5 in Unarmed Combat
  4897 | D:4      | Noticed an ogre
  4914 | D:4      | Killed an ogre
  4914 | D:4      | Reached XP level 6. HP: 25/51 MP: 3/9
  5377 | D:4      | Found an iron altar of Okawaru.
  5377 | D:4      | Found a basalt altar of Yredelemnul.
  5386 | D:4      | Found a deep blue altar of Sif Muna.
  5386 | D:4      | Found an iron altar of Okawaru.
  5484 | D:4      | Found a shattered altar of Ashenzari.
  5484 | D:4      | Found a glowing golden altar of the Shining One.
  5486 | D:4      | Found a hide-covered altar of Uskayaw.
  5486 | D:4      | Found an ornate altar of the Wu Jian Council.
  5487 | D:4      | Found a burning altar of Makhleb.
  5487 | D:4      | Found a basalt altar of Yredelemnul.
  5488 | D:4      | Found an ornate altar of the Wu Jian Council.
  5488 | D:4      | Found a glowing silver altar of Zin.
  5502 | D:4      | Became a worshipper of Warmaster Okawaru
  5519 | D:4      | Reached skill level 6 in Unarmed Combat
  5572 | D:4      | Your scales start taking on a lurid green colour.
  5572 | D:4      | Reached XP level 7. HP: 52/59 MP: 6/10
  5572 | D:4      | Gained mutation: Your system is resistant to poisons. (rPois) [Green Draconian growth]
  5631 | D:4      | Found a staircase to the Ecumenical Temple.
  6096 | D:5      | Entered Level 5 of the Dungeon
  6927 | D:6      | Reached skill level 7 in Unarmed Combat
  6927 | D:6      | Reached skill level 5 in Transmutations
  7044 | D:6      | Reached * piety under Okawaru
  7044 | D:6      | Reached skill level 5 in Fighting
  7044 | D:6      | Reached XP level 8. HP: 68/68 MP: 11/11
  7426 | D:6      | Noticed Pikel
  7437 | D:6      | Killed Pikel
  7437 | D:6      | Reached ** piety under Okawaru
  7437 | D:6      | Reached skill level 8 in Unarmed Combat
  7805 | D:6      | Learned a level 5 spell: Blade Hands
  8308 | D:7      | Reached XP level 9. HP: 77/77 MP: 10/12
  8372 | D:7      | Reached skill level 9 in Unarmed Combat
  8489 | D:7      | Found an ancient bone altar of Kikubaaqudgha.
  8622 | D:7      | Found a sand-covered staircase.
  8627 | Ossuary  | Entered an ossuary
  9348 | D:8      | Noticed tidbits's ghost (novice DrWn)
  9363 | D:8      | Killed tidbits's ghost
  9363 | D:8      | Reached *** piety under Okawaru
  9363 | D:8      | Received a gift from Okawaru
  9363 | D:8      | Reached skill level 10 in Unarmed Combat
  9692 | D:8      | Found the +27 Lear's hauberk
  9699 | D:8      | Noticed a two-headed ogre
 10329 | D:9      | Gained mutation: You are frail. (-10% HP) [miscasting Blade Hands]
 10329 | D:9      | Gained mutation: You are weak. (Str -2) [miscasting Blade Hands]
 10351 | D:9      | Reached XP level 10. HP: 44/75 MP: 4/13
 10383 | D:9      | Reached **** piety under Okawaru
 10398 | D:9      | Noticed a three-headed hydra
 10437 | D:9      | Found an iron altar of Okawaru.
 10438 | D:9      | Found an opulent altar of Gozag.
 10438 | D:9      | Found a snail-covered altar of Cheibriados.
 10438 | D:9      | Found a shattered altar of Ashenzari.
 10444 | D:9      | Found a stormy altar of Qazlal.
 10460 | D:9      | Killed a three-headed hydra
 10460 | D:9      | Reached skill level 11 in Unarmed Combat
 10467 | D:9      | Reached skill level 5 in Dodging
 10468 | D:9      | HP: 5/112 [poisoned by a big kobold]
 10474 | D:9      | HP: 3/112 [poisoned by a big kobold]
 10478 | D:9      | HP: 1/75 [poisoned by a big kobold]
 10479 | D:9      | Succumbed to a big kobold's poison

Vault maps used:
D:1:      lightli_arrival_farm
D:2:      uniq_jessica
D:3:      trog_wizard
D:4:      temple_doors_ab, first_bread, minivault_19, kennysheep_generic_room_9
D:5:      kennysheep_decorative_pillar, grunt_decor_mini_mirrors
D:6:      uniq_pikel
D:7:      basic_altar, enter_ossuary_2, serial_bayou_pond_a
D:9:      grunt_temple_overflow_open, orc_0_dummy, hangedman_ranch
Ossuary:  ossuary_crypta

Skill      XL: |  1  2  3  4  5  6  7  8  9 10 |
---------------+-------------------------------+-----
Fighting       | 2 3 4 5 6 |  6.3
Transmutations | 3 4 5 6 7 8 |  8.2
Unarmed Combat | 4 5 6 7 8 10 11 | 11.2
Dodging        | 2 4 5 |  5.0
Spellcasting   | |  2.0

Action                   |  1- 3 |  4- 6 |  7- 9 | 10-12 || total
-------------------------+-------+-------+-------+-------++-------
Melee: Unarmed           |   104 |   209 |   311 |    38 ||   662
       Kick              |     8 |     7 |    13 |       ||    28
       Tailslap          |     7 |    18 |    27 |     1 ||    53
       Punch             |     1 |     4 |     8 |       ||    13
       Headbutt          |     4 |     1 |    19 |       ||    24
 Cast: Beastly Appendage |    16 |    12 |    22 |       ||    50
       Sticks to Snakes  |     8 |     9 |    10 |       ||    27
       Spider Form       |       |    12 |    12 |     1 ||    25
       Blade Hands       |       |       |     3 |       ||     3
Invok: Heroism           |       |       |     4 |     2 ||     6
 Abil: Breathe Noxious F |       |       |    12 |       ||    12
Evoke: Wand              |       |     3 |       |       ||     3
  Use: Potion            |     4 |       |     1 |     4 ||     9
       Scroll            |       |    12 |     4 |       ||    16
 Stab: Sleeping          |     1 |     2 |     3 |       ||     6
       Paralysed         |       |     7 |       |       ||     7
       Confused          |       |       |     3 |       ||     3
  Eat: Chunk             |     4 |    11 |    12 |     1 ||    28
       Bread ration      |       |     1 |     2 |       ||     3
Armor: Skin              |    34 |    51 |    71 |     3 ||   159
Dodge: Dodged            |    86 |   137 |   141 |    29 ||   393

Table legend:
 A = Spawn XP
 B = Non-spawn XP
 C = Spawn XP percentage of total XP
 D = Spawn monster count
 E = Non-spawn monster count
 F = Spawn count percentage of total count
 G = Total turns spent on level
                    A         B        C        D         E        F      G
               +---------+---------+-------+---------+---------+-------+---------
         Total |     558 |    7199 |   7.2 |      28 |     166 |  14.4 | 10479
               +---------+---------+-------+---------+---------+-------+---------
           D:1 |       2 |      58 |   3.3 |       1 |      25 |   3.8 |  1933
           D:2 |       7 |      75 |   8.5 |       4 |      25 |  13.8 |  1006
           D:3 |      12 |     143 |   7.7 |       3 |      20 |  13.0 |  1519
           D:4 |     243 |     330 |  42.4 |       6 |      15 |  28.6 |  1638
           D:5 |       0 |     356 |   0.0 |       0 |      12 |   0.0 |   816
           D:6 |     197 |    1312 |  13.1 |      11 |      21 |  34.4 |  1374
           D:7 |      12 |    1018 |   1.2 |       1 |      22 |   4.3 |   924
           D:8 |       0 |     857 |   0.0 |       0 |       3 |   0.0 |   381
           D:9 |      85 |    2943 |   2.8 |       2 |      16 |  11.1 |   761
       Ossuary |       0 |     107 |   0.0 |       0 |       7 |   0.0 |   127
               +---------+---------+-------+---------+---------+-------+---------
